 Dungeon Crawl Stone Soup version 0.31-a0-150-g89dc3ad700 (webtiles) character file.

Game seed: 13550080466386886526

42 qw the Shooter (level 3, -1/31 HPs)
             Began as a Minotaur Hunter on June 8, 2023.
             Slain by a black bear (4 damage)
             ... on level 2 of the Dungeon.
             The game lasted 00:00:29 (615 turns).

qw the Shooter (Minotaur Hunter)                     Turns: 615, Time: 00:00:29

Health: -1/31      AC:  3    Str: 15    XL:     3   Next: 33%
Magic:  2/2        EV: 12    Int:  6    God:
Gold:   65         SH:  0    Dex: 15    Spells: 2/2 levels left

rFire   . . .        Y - +1 shortbow
rCold   . . .        (shield currently unavailable)
rNeg    . . .        c - +0 leather armour
rPois   .            (helmet restricted)
rElec   .            (no cloak)
rCorr   .            (no gloves)
SInv    .            (no boots)
Will    .....        (no amulet)
Stlth   +            (no ring)
HPRegen 0.25/turn    (no ring)
MPRegen 0.08/turn

%: no passive effects
@: no status effects
A: horns 2, retaliatory headbutt
a: no special abilities


You were on level 2 of the Dungeon.
You visited 1 branch of the dungeon, and saw 2 of its levels.

You collected 65 gold pieces.


Innate Abilities, Weirdness & Mutations

You have a pair of horns on your head.
You reflexively headbutt those who attack you in melee.


   Skills:
 - Level 3.1 Fighting
 + Level 5.4 Ranged Weapons
 - Level 2.1 Dodging
 - Level 0.7 Stealth


You had 2 spell levels left.
You didn't know any spells.
Your spell library was empty.

Inventory:

Hand Weapons
 Y - a +1 shortbow (weapon)
Armour
 c - a +0 leather armour (worn)
Potions
 f - a potion of resistance {unknown}

Dungeon Overview and Level Annotations

Branches:
Dungeon (2/15)

Altars:


Message History

The arrow hits the kobold but does no damage.
The kobold barely misses you.
You shoot an arrow. The arrow hits the kobold!
You kill the kobold!
Found a scale mail.
A black bear comes into view.
Found a scroll of blinking.
A kobold comes into view. It is wielding a +0 short sword.
Enter note: You shoot an arrow.
The kobold shouts!
The arrow hits the black bear.
The black bear growls angrily.
The black bear is lightly wounded.
You shoot an arrow. The arrow hits the kobold.
You kill the kobold!
You shoot an arrow. The arrow hits the black bear.
The black bear is lightly wounded.
Enter note: You shoot an arrow.
The arrow hits the black bear.
The black bear is moderately wounded.
The black bear bites you. The black bear claws you. x2
You shoot an arrow. The arrow hits the black bear.
The black bear is heavily wounded.
The black bear closely misses you. The black bear claws you.
The black bear barely misses you.
You shoot an arrow. The arrow hits the black bear!
The black bear is severely wounded.
The black bear goes berserk!
You shoot an arrow.
The arrow closely misses the black bear.
The black bear bites you but does no damage.
The black bear claws you. x2; The black bear bites you!
The black bear claws you but does no damage. x2
You shoot an arrow.
The arrow closely misses the black bear.
The black bear completely misses you. The black bear closely misses you. x2
The black bear bites you but does no damage.
The black bear closely misses you. The black bear claws you.
You die...

### .. ########### #.?
.## #.........####.#
...# ###..............+
...#
...............#.#....#
###............#.#...###
###....###.....#........
<........#.....#@.......
.........#.##....h......
.........#)##....#'#####
......)..............
.........#.......#....
#.######.###.....##.....
..# #.# #.#'#.# ..)..
..# #.# ....<.# ....
#........... ..


You could see a black bear (berserk).

Vanquished Creatures
  An adder (D:2)
  A dart slug (D:1)
  3 ball pythons
  2 endoplasms (D:1)
  2 giant cockroaches (D:1)
  2 goblins
  5 hobgoblins (D:1)
  4 jackals (D:1)
  A quokka (D:1)
  A bat (D:1)
  A frilled lizard (D:2)
  2 kobolds (D:2)
  2 rats (D:1)
27 creatures vanquished.

Notes
Turn   | Place    | Note
-------+----------+-------------------------------------------
     0 | D:1      | qw the Minotaur Hunter began the quest for the Orb.
     0 | D:1      | Reached XP level 1. HP: 18/18 MP: 0/0
     0 | D:1      | 0 ||| qw: Version: 0.2-a-120-gdf1a93b
     0 | D:1      | 0 ||| qw: Game counter: 3003
     0 | D:1      | 0 ||| qw: Always use a shield: true
     0 | D:1      | 0 ||| qw: God list: Okawaru
     0 | D:1      | 0 ||| qw: Allow faded altars: false
     0 | D:1      | 0 ||| qw: Do Orc after D:15 true
     0 | D:1      | 0 ||| qw: Do second Lair branch before Depths: true
     0 | D:1      | 0 ||| qw: Lair rune preference: random
     0 | D:1      | 0 ||| qw: Plans: Normal
     0 | D:1      | 0 ||| PLANNING D:1-11
   181 | D:1      | Reached XP level 2. HP: 23/25 MP: 1/1
   192 | D:1      | Reached skill level 5 in Ranged Weapons
   235 | D:1      | 235 ||| FLEEEEING.
   236 | D:1      | 236 ||| FLEEEEING.
   237 | D:1      | 237 ||| FLEEEEING.
   241 | D:1      | 241 ||| FLEEEEING.
   243 | D:1      | 243 ||| FLEEEEING.
   244 | D:1      | 244 ||| FLEEEEING.
   319 | D:1      | Reached skill level 3 in Fighting
   507 | D:1      | 507 ||| READING scroll labelled BATERUWAIGH.
   508 | D:1      | 508 ||| READING scroll labelled ONEUPS VOEHOA.
   509 | D:1      | 509 ||| READING scroll labelled CEHUTO ESTI.
   510 | D:1      | 510 ||| READING scroll labelled ZAEGEELLUI.
   511 | D:1      | 511 ||| READING scroll labelled RARYJA BE XUA.
   512 | D:1      | 512 ||| DRINKING 2 inky potions.
   513 | D:1      | 513 ||| DROPPING scroll of butterflies.
   515 | D:1      | 515 ||| Stepping ~*~*~tactically~*~*~ (cloud).
   516 | D:1      | 516 ||| DRINKING potion of curing.
   516 | D:1      | 516 ||| (to cure poison)
   569 | D:2      | Reached XP level 3. HP: 31/31 MP: 2/2
   606 | D:2      | Noticed a black bear
   614 | D:2      | HP: 3/31 [black bear (12)]
   615 | D:2      | Slain by a black bear

Levels and vault maps discovered:
D:1:      ncdulo_smallfort, layout_rooms, hex_large
D:2:      layout_basic, shapermc_ecumenical_altar_mp_urbaneastern,
          minmay_fractal_squares_5

Skill      XL: |  1  2 |
---------------+-------+-----
Ranged Weapons | 5 |  5.4
Fighting       | 3 |  3.1
Dodging        | |  2.1
Stealth        | |  0.7

Action                     || total
---------------------------++-------
   Fire: Shortbow          ||    92
    Use: Scroll            ||     5
         Potion            ||     2
 Armour: Leather armour    ||    11
  Dodge: Dodged            ||    26

Table legend:
 A = Non-vault XP
 B = Vault XP
 C = Vault XP percentage of total XP
 D = Non-vault monster count
 E = Vault monster count
 F = Vault count percentage of total count
                 A         B        C        D         E       F
            +---------+---------+-------+---------+---------+-------
      Total |      60 |       0 |   0.0 |      27 |       0 |   0.0
            +---------+---------+-------+---------+---------+-------
        D:1 |      39 |       0 |   0.0 |      20 |       0 |   0.0
        D:2 |      21 |       0 |   0.0 |       7 |       0 |   0.0
            +---------+---------+-------+---------+---------+-------
